 Dungeon Crawl Stone Soup version 0.30-a0-1-g69b7b797bf (webtiles) character file.

Game seed: 1849180371487909969

8 Nedwor the Ducker (level 2, 17/22 HPs)
             Began as a Demonspawn Gladiator on Aug 19, 2022.
             Quit the game on level 1 of the Dungeon.
             The game lasted 00:00:49 (746 turns).

Nedwor the Ducker (Demonspawn Gladiator)             Turns: 746, Time: 00:00:49

Health: 17/22      AC:  4    Str: 14    XL:     2   Next: 0%
Magic:  2/2        EV: 12    Int: 11    God:
Gold:   65         SH:  0    Dex: 14    Spells: 1/1 levels left

rFire   . . .      SeeInvis .    a - +0 rapier
rCold   . . .      Faith    .    (no shield)
rNeg    . . .      Spirit   .    b - +0 leather armour
rPois   .          Reflect  .    c - +0 helmet
rElec   .          Harm     .    (no cloak)
rCorr   .          Rampage  .    (no gloves)
Will    .....                    (no boots)
Stlth   +.........               (no amulet)
HPRegen 0.07/turn                (no ring)
MPRegen 0.08/turn                (no ring)

@: no status effects
A: big brain 1
a: no special abilities


You were on level 1 of the Dungeon.
You visited 1 branch of the dungeon, and saw 1 of its levels.

You collected 65 gold pieces.

Inventory:

Hand Weapons
 a - a +0 rapier (weapon)
Missiles
 d - 3 throwing nets (quivered)
 e - a javelin
Armour
 b - a +0 leather armour (worn)
 c - a +0 helmet (worn)
Scrolls
 g - a scroll of teleportation {unknown}
 h - 2 scrolls of immolation {unknown}
 i - a scroll of blinking {unknown}
 j - a scroll of enchant armour {unknown}
 k - a scroll of identify {unknown}
 l - a scroll of noise {unknown}
Potions
 f - a potion of cancellation {unknown}


   Skills:
 + Level 2.2 Fighting
 + Level 2.8 Short Blades
 + Level 2.0 Throwing
 + Level 2.8 Dodging


You had one spell level left.
You didn't know any spells.
Your spell library was empty.

Dungeon Overview and Level Annotations

Branches:
Dungeon (1/15)

Altars:


Innate Abilities, Weirdness & Mutations

You have an unusually large brain. (Int +2)


Message History

l - a scroll labelled URUURI FUS KUQOM No target in view!
A hobgoblin comes into view.
The hobgoblin shouts!
A hobgoblin is nearby!
A hobgoblin is nearby!
The hobgoblin hits you.
You closely miss the hobgoblin. The hobgoblin hits you.
You closely miss the hobgoblin. The hobgoblin hits you.
You hit the hobgoblin.
The hobgoblin is moderately wounded.
The hobgoblin hits you but does no damage.
You hit the hobgoblin.
The hobgoblin is heavily wounded.
The hobgoblin misses you.
You barely miss the hobgoblin.
The hobgoblin is heavily wounded.
The hobgoblin hits you but does no damage.
You hit the hobgoblin but do no damage.
The hobgoblin is heavily wounded.
The hobgoblin closely misses you.
You hit the hobgoblin.
You kill the hobgoblin!
Your Throwing skill increases to level 2!
No target in view!
No target in view!
No target in view!
A rat comes into view.
A rat is nearby!
A rat is nearby!
A rat is nearby!
You see here a scroll labelled QAPHILLALA.
The rat closely misses you.
You closely miss the rat. The rat bites you but does no damage.
You hit the rat.
You kill the rat!
You have reached level 2!
Your demonic ancestry asserts itself...
Your brain expands.
Are you sure you want to abandon this character and quit the game? (Confirm with "yes".)

.## .# .# #+# ## #.#
#.# ##.## ##...#######
# #........?.##.# ##
##...#...@....#
.#########.##.###†####
........##.##.# .#
#######.......# .#
####.#### .# #... .#
##### ##


There were no monsters in sight!

Vanquished Creatures
  A ball python (D:1)
  A bat (D:1)
  3 hobgoblins (D:1)
  2 rats (D:1)
7 creatures vanquished.

Notes
Turn   | Place    | Note
-------+----------+-------------------------------------------
     0 | D:1      | Nedwor the Demonspawn Gladiator began the quest for the
                  | Orb.
     0 | D:1      | Reached XP level 1. HP: 16/16 MP: 1/1
   182 | D:1      | Found a faded altar of an unknown god.
   746 | D:1      | Gained mutation: You have an unusually large brain. (Int
                  | +2) [demonic ancestry]
   746 | D:1      | Reached XP level 2. HP: 17/22 MP: 2/2
   746 | D:1      | Quit the game

Illustrated notes

Levels and vault maps discovered:
D:1:      onia_arrival_pyramid, layout_loops_corners,
          shapermc_ecumenical_altar_flowoftime

Skill      XL: |  1 |
---------------+----+-----
Throwing       | 2 |  2.0
Fighting       | |  2.2
Short Blades   | |  2.8
Dodging        | |  2.8

Action                   || total
-------------------------++-------
Melee: Rapier            ||    31
Armor: Leather armour    ||    14
Dodge: Dodged            ||    16

Table legend: (Time is in decaauts)
 A = Elapsed time spent in this place.
 B = Non-inter-level travel time spent in this place.
 C = Inter-level travel time spent in this place.
 D = Time resting spent in this place.
 E = Time spent auto-exploring this place.
 F = Levels seen in this place.
 G = Mean time per level.
                   A        B        C        D        E       F      G
               +--------+--------+--------+--------+--------+-----+--------+
         Total |    748 |    748 |      0 |      0 |    676 |   1 |  748.0 |
       Dungeon |    748 |    748 |      0 |      0 |    676 |   1 |  748.0 |
               +--------+--------+--------+--------+--------+-----+--------+

Top non-repeatable levels by time:
     D:1: 748 daAuts
